 Dungeon Crawl Stone Soup version 0.29.1-13-g9f3cf754e1 (webtiles) character file.

Game seed: 16149097305171899590

28 croobank the Insei (level 3, 0/23 HPs)
             Began as an Octopode Transmuter on Jan 28, 2023.
             Slain by a hobgoblin (4 damage)
             ... on level 2 of the Dungeon.
             The game lasted 00:01:52 (1000 turns).

croobank the Insei (Octopode Transmuter)            Turns: 1000, Time: 00:01:53

Health: 0/23       AC:  1    Str:  9    XL:     3   Next: 12%
Magic:  4/6        EV: 13    Int: 17    God:
Gold:   10         SH:  0    Dex: 12    Spells: 3/6 levels left

rFire   . . .      SeeInvis .     - Unarmed
rCold   . . .      Faith    .   (no shield)
rNeg    . . .      Spirit   .   (helmet restricted)
rPois   .          Reflect  .   (no amulet)
rElec   .          Harm     .   (no ring)
rCorr   .          Rampage  .   (no ring)
Will    .....                   (no ring)
Stlth   ++........              (no ring)
HPRegen 0.07/turn               (no ring)
MPRegen 0.10/turn               (no ring)
                                (no ring)
                                (no ring)

@: no status effects
A: almost no armour, amphibious, 8 rings, camouflage 1, gelatinous body 1,
(nimble swimmer 1), tentacles
a: no special abilities


You were on level 2 of the Dungeon.
You visited 1 branch of the dungeon, and saw 2 of its levels.

You collected 10 gold pieces.

Inventory:

Hand Weapons
 c - a +0 rapier
 e - a +0 dagger
Scrolls
 d - a scroll of fog {unknown}
 g - a scroll of teleportation {unknown}
Potions
 a - a potion of lignification
 b - a potion of ambrosia {unknown}
 f - a potion of berserk rage {unknown}
 h - a potion of might {unknown}


   Skills:
 + Level 1.4 Fighting
 + Level 2.3 Dodging
 * Level 3.3 Unarmed Combat
 + Level 2.2 Spellcasting
 + Level 2.2 Transmutations


You had 3 spell levels left.
You knew the following spells:

 Your Spells              Type           Power      Damage    Failure   Level
a - Beastly Appendage     Tmut           18%        N/A       8%          1
b - Wereblood             Tmut           9%         N/A       11%         2

Your spell library contained the following spells:

 Spells                   Type           Power      Damage    Failure   Level
 Spider Form              Tmut/Pois      5%         N/A       34%         3
 Frozen Ramparts          Ice            2%         1d1       50%         3
 Ice Form                 Ice/Tmut       5%         N/A       75%         4
 Summon Ice Beast         Ice/Summ       1%         N/A       88%         4


Dungeon Overview and Level Annotations

Branches:
Dungeon (2/15)

Altars:


Innate Abilities, Weirdness & Mutations

You cannot wear most types of armour.
You are amphibious.
You can wear up to eight rings at the same time.
Your skin changes colour to match your surroundings (Stealth+).
Your rubbery body absorbs attacks. (AC +1, EV +1)
((You are camouflaged when in or above water. (Stealth+)))
You have tentacles for arms and can constrict up to eight enemies at once.


Message History

You squeeze the dart slug.
The dart slug is severely wounded.
The dart slug launches a dart at you. The slug dart hits you.
You tentacle-slap the dart slug.
You feel a bit better.
You kill the dart slug!
Your magical contamination has completely faded away.
h - a grey potion Your tentacle spike disappears.
Your primal bloodlust is almost over.
You howl as the wereblood boils in your veins!
You howl as the wereblood boils in your veins!
A goblin comes into view. It is wielding a +0 dagger.
You howl as the wereblood boils in your veins!
The goblin shouts!
The goblin unwields a +0 dagger.
The goblin wields a +0 sling.
The goblin shoots a sling bullet.
The sling bullet hits you but does no damage.
You see here 2 gold pieces.
You howl as the wereblood boils in your veins!
The goblin shoots a sling bullet.
The sling bullet hits you.
Your primal bloodlust has ended.
The goblin shoots a sling bullet.
The sling bullet misses you.
A hobgoblin comes into view.
The goblin shoots a sling bullet.
The sling bullet hits you.
The goblin unwields a +0 sling.
The goblin wields a +0 dagger.
The goblin misses you.
You barely miss the goblin. Your grab misses the goblin.
The goblin hits you with a +0 dagger.
You tentacle-slap the goblin.
You kill the goblin!
The hobgoblin closely misses you.
Things that are here:
a +0 dagger; a +0 sling; a goblin corpse You tentacle-slap the hobgoblin but do no damage.
You grab the hobgoblin. You constrict the hobgoblin. The hobgoblin hits you.
* * * LOW HITPOINT WARNING * * *
You tentacle-slap the hobgoblin.
The hobgoblin is heavily wounded.
You constrict the hobgoblin. The hobgoblin hits you.
You die...

## . ≈# ..
#############≈###..
............#≈#....
......g@.....≈.##
.#########...~..####
#..$~......
#..####..## ~ #....#
.. .~#####....#
~~..##....#
#.......#
#.......#.#


You could see a hobgoblin.

Vanquished Creatures
  2 dart slugs
  2 ball pythons (D:1)
  7 bats (D:1)
  2 endoplasms (D:1)
  3 giant cockroaches
  2 goblins
  A kobold (D:1)
  A rat (D:1)
20 creatures vanquished.

Notes
Turn   | Place    | Note
-------+----------+-------------------------------------------
     0 | D:1      | croobank the Octopode Transmuter began the quest for the
                  | Orb.
     0 | D:1      | Reached XP level 1. HP: 13/13 MP: 3/3
   147 | D:1      | Reached XP level 2. HP: 18/18 MP: 3/5
   225 | D:1      | Learned a level 2 spell: Wereblood
   972 | D:2      | Reached XP level 3. HP: 23/23 MP: 2/6
  1000 | D:2      | Slain by a hobgoblin

Illustrated notes

Levels and vault maps discovered:
D:1:      scummos_arrival_star, layout_loops_ring
D:2:      layout_basic, serial_rivers, chequers_serial_rivers_micro_b,
          chequers_serial_rivers_large_b, chequers_serial_rivers_marsh,
          chequers_serial_rivers_micro_e, chequers_serial_rivers_marsh,
          minmay_tetromino_t4

Action                   || total
-------------------------++-------
Melee: Unarmed           ||    43
       Kick              ||    11
       Tentacles         ||     6
       Constrict         ||     9
       Punch             ||     2
 Cast: Beastly Appendage ||    17
       Wereblood         ||     9
 Stab: Sleeping          ||     5
Armor: Skin              ||     5
Dodge: Dodged            ||    36
